 Dungeon Crawl Stone Soup version 0.30-a0-168-g0b976cbdc4 (webtiles) character file.

Game seed: 3343139718207900806

273 LnG the Sneak (level 6, -4/34 HPs)
             Began as a Kobold Summoner on Sept 29, 2022.
             Slain by a gnoll
             ... wielding a +0 club
              (7 damage)
             ... on level 3 of the Dungeon.
             The game lasted 00:05:53 (4122 turns).

LnG the Sneak (Kobold Summoner)                     Turns: 4122, Time: 00:05:54

Health: -4/34      AC:  3    Str:  5    XL:     6   Next: 48%
Magic:  5/10       EV: 15    Int: 18    God:
Gold:   186        SH:  0    Dex: 16    Spells: 5/11 levels left

rFire   . . .      SeeInvis .    e - +2 dagger (venom)
rCold   + . .      Faith    .    (no shield)
rNeg    . . .      Spirit   .    a - +0 robe
rPois   .          Reflect  .    (no helmet)
rElec   .          Harm     .    (no cloak)
rCorr   .          Rampage  .    (no gloves)
Will    .....                    q - +0 pair of boots
Stlth   ++++......               (no amulet)
HPRegen 0.11/turn                r - ring of protection from cold
MPRegen 0.12/turn                (no ring)

@: attractive, hasted, very quick
A: small, no large weapons, nightstalker 3
a: no special abilities


You were on level 3 of the Dungeon.
You visited 1 branch of the dungeon, and saw 5 of its levels.

You collected 186 gold pieces.

Inventory:

Hand Weapons
 e - a +2 dagger of venom (weapon)
 g - a +0 dagger
Armour
 a - a +0 robe (worn)
 q - a +0 pair of boots (worn)
Jewellery
 r - a ring of protection from cold (left hand)
Wands
 v - a wand of acid (13)
Scrolls
 f - 5 scrolls of identify {unknown}
 i - a scroll of teleportation
 k - a scroll of magic mapping {unknown}
 m - a scroll of blinking
 n - a scroll of butterflies {unknown}
 o - 3 scrolls of immolation {unknown}
 p - a scroll of enchant armour {unknown}
 s - 2 scrolls of noise {unknown}
 t - a scroll of amnesia {unknown}
Potions
 b - 2 potions of magic
 d - a potion of curing {unknown}
 h - a potion of attraction
 j - a potion of degeneration {unknown}
 l - a potion of invisibility {unknown}
 u - a potion of brilliance {unknown}


   Skills:
 + Level 1.3 Fighting
 + Level 2.7 Short Blades
 + Level 2.9 Dodging
 + Level 5.6 Stealth
 + Level 3.2 Spellcasting
 + Level 5.0 Summonings


You had 5 spell levels left.
You knew the following spells:

 Your Spells              Type           Power      Damage    Failure   Level
a - Summon Small Mammal   Summ           84%        N/A       1%          1
b - Call Imp              Summ           21%        N/A       3%          2
c - Call Canine Familiar  Summ           21%        N/A       6%          3

Your spell library contained the following spells:

 Spells                   Type           Power      Damage    Failure   Level
 Kiss of Death            Conj/Necr      8%         2d6       16%         1
 Shock                    Conj/Air       8%         1d3       16%         1
 Summon Guardian Golem    Hex/Summ       11%        N/A       17%         3
 Confusing Touch          Hex            2%         N/A       43%         3
 Dazzling Flash           Conj/Hex       4%         N/A       43%         3
 Swiftness                Air            2%         N/A       43%         3
 Summon Lightning Spire   Summ/Air       11%        N/A       50%         4
 Airstrike                Air            1%         2d(1-17)  85%         4
 Dispel Undead            Necr           2%         3d7       85%         4
 Iskenderun's Mystic Bla  Conj/Tloc      2%         2d3       85%         4
 Starburst                Conj/Fire      1%         6d3       100%        6


Dungeon Overview and Level Annotations

Branches:
Dungeon (5/15)
 Temple: D:4-7

Altars:
Nemelex Xobeh

Shops:
D:1 *


Innate Abilities, Weirdness & Mutations

You are small and have problems with some larger weapons.
You are completely attuned to the shadows.


Message History

The gnoll misses you. x2; The gnoll barely misses you.
There is a stone staircase leading up here.
The gnoll hits you with a +0 flail. The gnoll hits you with a +0 club.
The gnoll barely misses you.
You climb upwards.
There is a stone staircase leading down here.
Casting: Call Canine Familiar (dangerous; 6% risk of failure)
Confirm with . or Enter, or press ? or * to list all spells.
The gnoll barely misses you. The gnoll hits you with a +0 club!
The gnoll barely misses you. The gnoll attacks as you move away!
The gnoll misses you. The gnoll attacks as you move away! The gnoll misses you.
Your hound bites the gnoll.
The gnoll barely misses you.
The gnoll hits your hound with a +0 club.
The gnoll attacks as you move away! The gnoll barely misses you.
Your hound misses the gnoll. The gnoll closely misses your hound.
The gnoll barely misses you.
Your hound barely misses the gnoll.
The gnoll attacks as you move away! The gnoll hits you with a +0 club.
Your hound bites the gnoll but does no damage.
The gnoll barely misses your hound.
There is a stone staircase leading up here.
Your hound bites the gnoll.
The gnoll closely misses you. The gnoll closely misses your hound.
The gnoll hits you but does no damage.
Your hound bites the gnoll.
You climb upwards.
There is a stone staircase leading down here.
Casting: Call Canine Familiar (dangerous; 6% risk of failure)
Confirm with . or Enter, or press ? or * to list all spells.
The gnoll barely misses you. The gnoll hits you with a +0 club!
Your hound barely misses the gnoll.
The gnoll hits you with a +0 flail!
* * * LOW HITPOINT WARNING * * *
It was a potion of attraction.
You feel attractive to monsters.
Your hound bites the gnoll.
The gnoll hits you with a +0 club.
* * * LOW HITPOINT WARNING * * *
The gnoll misses you.
Your hound closely misses the gnoll.
It was a potion of haste.
You feel yourself speed up.
Your hound bites the gnoll but does no damage.
The gnoll hits you with a +0 club!
You die...

......###..#.#####.......†#
####### ##......##..^.....#
###..............# ####
###..##........# #...
#....##.....##### #...
#.##.#..........###...
#.....h##..####.......
####gg.##..###........
####@................
####......<..........###
##......(.........#.###
#.)...##..........#.#
#>...###............#
#....# #..........###
#....# #....).....# #....#
#..........# #....#
#.....(....#


You could see 2 gnolls and a friendly hound (summoned).

Vanquished Creatures
  An ice beast (D:4)
  3 hounds
  A gnoll (D:5)
  3 adders
  A worm (D:4)
  A dart slug (D:5)
  An orc (D:3)
  5 endoplasms
  3 goblins
  4 hobgoblins
  2 jackals (D:2)
  2 quokkas
  2 ball pythons
  2 bats
  A frilled lizard (D:2)
  3 kobolds
  2 rats (D:2)
37 creatures vanquished.

Vanquished Creatures (collateral kills)
  A worm (D:3)
  2 endoplasms (D:1)
  A giant cockroach (D:1)
  3 goblins
  3 frilled lizards
  A kobold (D:1)
  A rat (D:1)
12 creatures vanquished.

Grand Total: 49 creatures vanquished

Notes
Turn   | Place    | Note
-------+----------+-------------------------------------------
     0 | D:1      | LnG the Kobold Summoner began the quest for the Orb.
     0 | D:1      | Reached XP level 1. HP: 10/10 MP: 3/3
   219 | D:1      | Found Xafate's Assorted Antiques.
   251 | D:1      | Found a faded altar of an unknown god.
   387 | D:1      | Reached XP level 2. HP: 15/15 MP: 3/5
   390 | D:1      | Learned a level 2 spell: Call Imp
   953 | D:2      | Reached XP level 3. HP: 5/19 MP: 3/6
  2299 | D:3      | Learned a level 3 spell: Call Canine Familiar
  2325 | D:3      | Reached XP level 4. HP: 20/24 MP: 6/8
  2743 | D:4      | Noticed an ice beast
  2757 | D:4      | Killed an ice beast
  2758 | D:4      | Reached skill level 1 in Fighting
  2758 | D:4      | Reached XP level 5. HP: 10/29 MP: 4/9
  3030 | D:4      | Found a sparkling altar of Nemelex Xobeh.
  3384 | D:4      | Reached skill level 5 in Stealth
  3384 | D:4      | Reached XP level 6. HP: 34/34 MP: 10/10
  3447 | D:5      | Entered Level 5 of the Dungeon
  3460 | D:5      | Reached skill level 5 in Summonings
  3471 | D:5      | Noticed a black bear
  4122 | D:3      | Slain by a gnoll

Illustrated notes

Levels and vault maps discovered:
D:1:      psy_arrival_basics, layout_loops_ring,
          ebering_ecumenical_altar_abandoned, serial_shops,
          nicolae_shop_temple_entry_statues_fountains, minmay_misc_feat_rugged
D:2:      layout_loops_ring
D:3:      layout_rooms
D:4:      layout_rooms, mainiacjoe_overflow_alcove_4
D:5:      layout_basic

Skill      XL: |  1  2  3  4  5  6 |
---------------+-------------------+-----
Stealth        | 3 4 5 |  5.6
Fighting       | 1 |  1.3
Short Blades   | 2 |  2.7
Spellcasting   | 3 |  3.2
Summonings     | 5 |  5.0
Dodging        | |  2.9

Action                   |  1- 3 |  4- 6 || total
-------------------------+-------+-------++-------
Melee: Dagger            |    47 |    49 ||    96
       Unarmed           |     2 |       ||     2
 Cast: Summon Small Mamm |    10 |       ||    10
       Call Imp          |     4 |     1 ||     5
       Call Canine Famil |       |     5 ||     5
  Use: Scroll            |     3 |       ||     3
       Potion            |       |     2 ||     2
 Stab: Sleeping          |    12 |     9 ||    21
       Distracted        |       |     2 ||     2
Armor: Robe              |     5 |    14 ||    19
Dodge: Dodged            |    36 |    56 ||    92

Table legend: (Time is in decaauts)
 A = Elapsed time spent in this place.
 B = Non-inter-level travel time spent in this place.
 C = Inter-level travel time spent in this place.
 D = Time resting spent in this place.
 E = Time spent auto-exploring this place.
 F = Levels seen in this place.
 G = Mean time per level.
                   A        B        C        D        E       F      G
               +--------+--------+--------+--------+--------+-----+--------+
         Total |   4117 |   3990 |    127 |   1303 |   2251 |   5 |  823.4 |
       Dungeon |   4117 |   3990 |    127 |   1303 |   2251 |   5 |  823.4 |
               +--------+--------+--------+--------+--------+-----+--------+

Top non-repeatable levels by time:
     D:4: 1380 daAuts
     D:2: 1116 daAuts
     D:1: 922 daAuts
     D:3: 634 daAuts
     D:5: 64 daAuts
